Cogmind - Beta 14 @@@ ROGUE MODE // 2025.04.26 @ 15:06:42 Player: amhuman Result: Destroyed by AO-0XQ(R) with Subdweller Shrapnel Launcher Performance ------------- Evolutions (0) 0 Regions Visited (3) 600 Robots Destroyed (34) 170 Value Destroyed (915) 915 Prototype IDs (0) 0 Alien Tech Used (0) 0 Bonus (0) 0 TOTAL SCORE: 1685 Bonus ------- None Cogmind --------- Core Integrity 0/250 Matter 280/300 Energy 248/250 System Corruption 0% Temperature Cool (0) Movement Core (350) Ox6 Location -10/Subcaves Parts ------- > --- POWER (1) -------- Ion Engine > --- PROPULSION (2) --- (None) > --- UTILITY (2) ------ Medium Storage Unit Targeting Computer > --- WEAPON (2) ------- Battle Rifle Subdweller Machine Gun > --- INVENTORY (10) --- Light Nuclear Core Improved Heat Sink High-capacity Matter Pod (200) Subdweller Optics Subdweller Optics Experimental Sensor Array Scrap Shield Medium Laser Particle Gun Peak State ------------ > --- POWER ------------ Ion Engine > --- PROPULSION ------- (None) > --- UTILITY ---------- Medium Storage Unit Targeting Computer > --- WEAPON ----------- Battle Rifle Subdweller Machine Gun > --- INVENTORY -------- Light Nuclear Core Improved Heat Sink High-capacity Matter Pod Subdweller Optics Subdweller Optics Experimental Sensor Array Medium Laser Particle Gun [Rating: 9] Favorites ----------- Power Ion Engine Engine Ion Engine Propulsion Light Treads Treads Light Treads Utility Medium Storage Unit Device Tractor Beam Storage Medium Storage Unit Processor Targeting Computer Weapon Small Laser Energy Gun Small Laser Energy Cannon Beam Cannon Ballistic Gun Subdweller Machine Gun Ballistic Cannon Light Cannon Launcher Grenade Launcher Special Weapon Mining Laser Build | -11 -10 -10 -10 ------- Run | Yrd Mat Min Sub Slots Evolved . | . . . . Power . | . . . . Propulsion . | . . . . Utility . | . . . . Weapon . | . . . . Parts Attached 25 | 6 6 8 5 Power 3 | 1 1 1 . Engine 3 | 1 1 1 . Core . | . . . . Reactor . | . . . . Propulsion 3 | 2 . 1 . Treads 3 | 2 . 1 . Leg . | . . . . Wheel . | . . . . Hover . | . . . . Flight . | . . . . Utility 5 | 1 4 . . Device 2 | . 2 . . Storage 2 | 1 1 . . Processor 1 | . 1 . . Hackware . | . . . . Protection . | . . . . Artifact . | . . . . Weapon 14 | 2 1 6 5 Energy Gun 5 | 2 1 2 . Energy Cannon 1 | . . . 1 Ballistic Gun 3 | . . 1 2 Ballistic Cannon 1 | . . 1 . Launcher 3 | . . 1 2 Special Weapon 1 | . . 1 . Impact Weapon . | . . . . Slashing Weapon . | . . . . Piercing Weapon . | . . . . Special Melee Weapon . | . . . . Unidentified Prototypes . | . . . . Parts Lost 14 | . 3 7 4 Power 1 | . . 1 . Propulsion 3 | . . 2 1 Utility 2 | . 2 . . Weapon 8 | . 1 4 3 Highest Loss Streak 4 | . 2 4 2 To Critical Strikes . | . . . . Average Slot Usage (%) 81 | . 95 85 71 Engine 13 | . 14 13 14 Treads 11 | . 28 15 . Device 1 | . 4 . . Storage 14 | . 14 14 14 Processor 11 | . 4 14 14 Energy Gun 11 | . 28 14 . Energy Cannon 5 | . . . 12 Ballistic Gun 5 | . . 1 11 Ballistic Cannon 3 | . . 6 3 Launcher 1 | . . 4 . Peak Build Rating 9 | 6 8 8 9 Average Rating 7 | 4 7 7 7 On Entrance 5 | . 6 8 8 Naked Turns . | . . . . Heaviest Build 22 | 13 22 20 22 Greatest Support 40 | 40 40 40 20 Greatest Overweight (x) 7 | . . . 7 Average Overweight (x) 1 | . . . 6 Largest Inventory Capacity 10 | 8 10 10 10 Average Capacity 9 | 7 9 10 10 Most Carried 10 | 2 10 10 10 Average Carried 9 | . 8 9 9 Final Capacity 10 | 8 10 10 10 Final Carried 10 | 2 10 10 10 Class Distribution -------------------- 100% | Mutant Dominant Class ---------------- Mutant | -10/Materials Mutant | -10/Mines Mutant | -10/Subcaves Resources | -11 -10 -10 -10 ----------- Run | Yrd Mat Min Sub Matter Collected 968 | 158 537 157 116 Remotely 50 | . 50 . . Salvage Created 1076 | . 555 309 212 Parts 69 | . 26 25 18 Haulers Intercepted 1 | . 1 . . Recyclers Shooed . | . . . . Parts Field Recycled . | . . . . Retrieved Matter . | . . . . Parts Self-Destructed 8 | . . . 8 Prevented . | . . . . Kills | -11 -10 -10 -10 ------- Run | Yrd Mat Min Sub Combat Hostiles Destroyed 29 | . 9 14 6 Guns 17 | . 9 5 3 Cannons 5 | . . 3 2 AOE 7 | . . 6 1 Classes Destroyed 8 | . 4 2 2 Worker 2 | . . 2 . Hauler 1 | . 1 . . Recycler 1 | . 1 . . Watcher 1 | . 1 . . Swarmer 9 | . . 9 . Grunt 14 | . 9 5 . Sentry 1 | . . . 1 Subdweller 5 | . . . 5 Best Kill Streak 7 | . 5 7 2 Combat Bots Only 5 | . 3 5 2 Max Kills in Single Turn 3 | . 1 3 1 Gunslinging 1 | . . 1 . Exploded 2 | . . 2 1 Melee . | . . . . Uniques/NPCs Destroyed . | . . . . Combat | -11 -10 -10 -10 -------- Run | Yrd Mat Min Sub Hostile Shots Fired 163 | . 54 81 28 Missed 49 | . 15 23 11 Damage Taken 1631 | . 520 676 435 Core 250 | . 74 104 72 Absorbed by Shields . | . . . . Core Remaining (%) 100 | 100 . . . Volleys Fired 96 | . 43 31 22 Largest 2 | . 2 2 2 Hottest 100 | . 80 100 95 Shots Fired 180 | . 85 57 38 Gun 151 | . 85 40 26 Cannon 20 | . . 9 11 Launcher 6 | . . 5 1 Special 3 | . . 3 . Kinetic 47 | . . 16 31 Thermal 110 | . 74 30 6 Explosive 6 | . . 5 1 Electromagnetic 17 | . 11 6 . Robot Hit Streak 12 | . 12 5 11 Robot Miss Streak 4 | . 3 4 2 Penetration Max . | . . . . Secondary Targets 4 | . 2 2 . Max Gunslinging Chain 1 | . 1 1 . Shots Hit Robots 117 | . 59 32 26 Core Hits 66 | . 27 27 12 Critical Kills . | . . . . Critical Parts Destroyed . | . . . . Critical Strikes 2 | . . 1 1 Blast 2 | . . 1 1 Melee Attacks . | . . . . Impact . | . . . . Slashing . | . . . . Piercing . | . . . . Sneak Attacks . | . . . . Combat Hostiles . | . . . . Follow-up Attacks . | . . . . Damage Inflicted 2064 | . 712 826 526 Guns 1282 | . 712 286 284 Cannons 266 | . . 121 145 Explosions 516 | . . 419 97 Melee . | . . . . Ramming . | . . . . Kinetic 509 | . . 152 357 Thermal 987 | . 591 324 72 Explosive 391 | . . 294 97 Electromagnetic 177 | . 121 56 . Impact . | . . . . Slashing . | . . . . Piercing . | . . . . Highest Corruption . | . . . . Average Corruption . | . . . . Corruption Purged . | . . . . Corruption Blocked . | . . . . Overload Shots . | . . . . Overflow Damage 34 | . . 34 . Projectiles . | . . . . Explosions 34 | . . 34 . Melee . | . . . . Knockbacks 3 | . . 2 1 Impact . | . . . . Kinetic 3 | . . 2 1 Secondary . | . . . . Self-Inflicted Damage 54 | . . 54 . Shots 2 | . . 2 . Rammed . | . . . . Targets Rammed . | . . . . Kicked . | . . . . Crushed . | . . . . Highest Temperature 268 | . 268 137 . Average Temperature 77 | . 100 44 . Received Heat Transfer 621 | . 291 270 60 Siege Activations . | . . . . Robots Corrupted . | . . . . Combat Hostiles . | . . . . Parts Fried . | . . . . Impact Corruptions . | . . . . Robots Melted . | . . . . Combat Hostiles . | . . . . Parts Melted 2 | . 1 1 . Heat Transferred 2131 | . 1300 683 148 Parts Sabotaged . | . . . . Parts Stolen . | . . . . Parts Stripped . | . . . . Power Chain Reactions 1 | . . 1 . Alert | -11 -10 -10 -10 ------- Run | Yrd Mat Min Sub Peak Influence 225 | . 220 225 . Initial 28 | . . 28 . Average 105 | . 73 144 . Maximum Alert Level 1 | . 1 1 . Low Security (%) 81 | 100 90 71 . Level 1 18 | . 9 28 . Level 2 . | . . . . Level 3 . | . . . . Level 4 . | . . . . Level 5 . | . . . . High Security . | . . . . Max Security . | . . . . Squads Dispatched 2 | . 2 . . Investigation 2 | . 2 . . Extermination . | . . . . Reinforcement . | . . . . Assault . | . . . . Garrison . | . . . . Intercept . | . . . . Searches Triggered . | . . . . Construction Impeded . | . . . . Haulers Reinforced . | . . . . Active Scanning Responses . | . . . . Cargo Convoy Interrupts . | . . . . Stealth | -11 -10 -10 -10 --------- Run | Yrd Mat Min Sub Distress Signals . | . . . . Communications Jammed . | . . . . Distress Signals . | . . . . Times Spotted 43 | . 18 17 8 Peak Tracking Total 5 | . 4 5 2 Tactical Retreats 4 | . 2 2 . Traps | -11 -10 -10 -10 ------- Run | Yrd Mat Min Sub Traps Triggered 4 | . 2 . 2 Indirectly . | . . . . Trap Hack Attempts . | . . . . Triggered . | . . . . Disarmed . | . . . . Reprogrammed . | . . . . Reused . | . . . . Traps Extracted . | . . . . Installed . | . . . . Triggered . | . . . . Machines | -11 -10 -10 -10 ---------- Run | Yrd Mat Min Sub Machines Disabled . | . . . . Max in Single Turn . | . . . . Machines Repaired . | . . . . Machines Dismantled . | . . . . Machines Sabotaged . | . . . . Overloaded Fab Kills . | . . . . Hacking | -11 -10 -10 -10 --------- Run | Yrd Mat Min Sub Machines Accessed 7 | . 7 . . Terminals 6 | . 6 . . Fabricators . | . . . . Repair Stations . | . . . . Recycling Units 1 | . 1 . . Scanalyzers . | . . . . Garrison Access . | . . . . Total Hacks 19 | . 19 . . Successful 9 | . 9 . . Failed 9 | . 9 . . Catastrophic 1 | . 1 . . Database Lockouts 1 | . 1 . . Manual 22 | . 22 . . Terminals 18 | . 18 . . Fabricators . | . . . . Repair Stations . | . . . . Recycling Units 1 | . 1 . . Scanalyzers . | . . . . Garrison Access . | . . . . Terminal Hacks 3 | . 3 . . Robot Analysis 1 | . 1 . . Branch Access Points 1 | . 1 . . Terminal Index 1 | . 1 . . Fabricator Hacks . | . . . . Repair Station Hacks . | . . . . Recycling Unit Hacks 1 | . 1 . . Retrieve Components 1 | . 1 . . Scanalyzer . | . . . . Garrison Access Hacks . | . . . . Unauthorized Hacks 5 | . 5 . . Terminals 5 | . 5 . . Botnet 5 | . 5 . . Fabricators . | . . . . Repair Stations . | . . . . Recycling Units . | . . . . Scanalyzers . | . . . . Garrison Access . | . . . . Data Cores Recovered . | . . . . Used . | . . . . Hacking Detections 6 | . 6 . . Full Trace Events . | . . . . Feedback Events . | . . . . Feedback Blocked . | . . . . Robot Schematics Acquired . | . . . . Robots Built . | . . . . Authchips . | . . . . Time . | . . . . Total Robot Build Rating . | . . . . Part Schematics Acquired . | . . . . Parts Built . | . . . . Authchips . | . . . . Time . | . . . . Total Part Build Rating . | . . . . Parts Repaired . | . . . . Time . | . . . . Parts Recycled . | . . . . Recycled Matter . | . . . . Retrieved Matter . | . . . . Retrieved Components 3 | . 3 . . Parts Scanalyzed . | . . . . Part Schematics Acquired . | . . . . Parts Damaged . | . . . . Bothacking | -11 -10 -10 -10 ------------ Run | Yrd Mat Min Sub Used RIF Installer . | . . . . Robots Hacked . | . . . . Non-combat . | . . . . Combat . | . . . . Robot Hacks Applied . | . . . . Relay Couplers Released . | . . . . Fabnet Peak Effective % . | . . . . Robots Rewired . | . . . . Allies Hacked . | . . . . Hacks Repelled . | . . . . Allies | -11 -10 -10 -10 -------- Run | Yrd Mat Min Sub Total Allies . | . . . . Largest Group . | . . . . Highest-Rated Group . | . . . . Highest-Rated Ally . | . . . . Total Orders . | . . . . Ally Attacks . | . . . . Total Damage . | . . . . Kills . | . . . . Allies Corrupted . | . . . . Allies Melted . | . . . . Intel | -11 -10 -10 -10 ------- Run | Yrd Mat Min Sub Robot Analysis Total 1 | . 1 . . Derelict Logs Recovered 2 | . . 1 1 Drone Launches . | . . . . Drone Recoveries . | . . . . Exploration | -11 -10 -10 -10 ------------- Run | Yrd Mat Min Sub Turns Passed 3741 | 88 911 991 1751 Spaces Moved 1520 | 52 472 542 454 Core 421 | 5 . . 416 Treads 1099 | 47 472 542 38 Legs . | . . . . Wheels . | . . . . Hover . | . . . . Flight . | . . . . Fastest Speed 50 | 50 160 160 160 Average Speed 221 | 149 160 160 367 Slowest Speed 400 | 160 160 160 400 Overloaded Moves . | . . . . Propulsion Burnouts . | . . . . Robots Hopped . | . . . . Cave-ins Triggered . | . . . . Exploration Rate (%) 50 | 4 76 95 28 Regions Visited 3 Branch Regions 2 Pre-discovered Areas 1 | . . . 1 Known Exits Taken 1 | . 1 . . Unknown Exits Taken 2 | 1 . 1 . Scrap Searched 3 | . . 3 . Spaces Dug . | . . . . Terrain Destroyed 39 | . . 36 3 Melee . | . . . . Projectile . | . . . . AOE 39 | . . 36 3 Terrain Rammed . | . . . . Walls Destroyed . | . . . . Machines Disabled . | . . . . Actions | -11 -10 -10 -10 --------- Run | Yrd Mat Min Sub Total 1705 | 59 543 604 499 Wait 32 | . 7 15 10 Move 1517 | 51 471 541 454 Hop . | . . . . Pick Up 26 | 2 12 7 5 Fast Attach 10 | 6 3 1 . Attach 9 | . 1 5 3 Detach . | . . . . Swap 6 | . 2 2 2 Drop 9 | . 4 2 3 Fire 96 | . 43 31 22 Melee . | . . . . Ram . | . . . . Kick . | . . . . Crush . | . . . . Escape Stasis . | . . . . Rewire . | . . . . Trap . | . . . . Miscellaneous . | . . . . Route ------- -11/Scrapyard -10/Materials (discovered 3 exits: *Mat x2 / *Min) -10/Mines (discovered 3 exits: *Mat x2 / [*Sub]) -10/Subcaves History --------- Turn | Location | Event 9 | -11/Scrapyard | Discovered new exit (range 15) 89 | -11/Scrapyard | Entered Materials 309 | -10/Materials | Build established: Mutant 508 | -10/Materials | Discovered new exit (range 5) 522 | -10/Materials | Central database locked down 761 | -10/Materials | Discovered new exit (range 15) 787 | -10/Materials | Identified exit to Mines 1000 | -10/Materials | Entered Mines 1100 | -10/Mines | Core integrity fell below 50% 1145 | -10/Mines | Lost 4 parts (2n2w) 1146 | -10/Mines | Found a damaged Exp. Sensor Array with a note attached 1149 | -10/Mines | Found Prototype Device 1457 | -10/Mines | Identified exit to Materials 1786 | -10/Mines | Discovered exit to Materials (range 9) 1988 | -10/Mines | Discovered new exit (range 2) 1991 | -10/Mines | Entered Subcaves 2008 | -10/Subcaves | Learned location of Zion (-7) 2008 | -10/Subcaves | Met a Zionite searching for "candidates" 2039 | -10/Subcaves | A swath of the cavern ceiling suddenly collapsed 3597 | -10/Subcaves | Learned 2 Materials zone layouts 3620 | -10/Subcaves | Core integrity fell below 20% 3715 | -10/Subcaves | Ambushed by Subdwellers from Twisted Machinery 3742 | -10/Subcaves | Destroyed by AO-0XQ(R) with Subdweller Shrapnel Launcher Last Messages --------------- 03499_ Triggered Piercing Trap. 03499_ Spikes shoot up from the floor. 03499_ Critical hit (Impale). 03573_ Acquired 6 matter. 03597_ Acquired derelict log, extracted data. Data stored: Materials zone layouts (x2). 03616_ Beam Cannon destroyed. 03624_ Grenade Launcher destroyed. 03639_ 51-SGW(R) destroyed. 03640_ Subatomizers dissect the Sub. Optics. 03673_ Acquired Scrap Shield. 03674_ Acquired 40 matter. 03679_ Subatomizers dissect the Sub. Optics. 03702_ Subatomizers dissect the Disposable Heat Sink. 03730_ 93-BC9(R) destroyed. 03741_ AO-0XQ(R) affixes Scrap Shield Fragment to Scrap Shield. Map ----- +----------------------------------------------------+ | #??????????????????????????????? | | ## ##??????????????????????????????? | | # ### ###?###???????????????????????????????? | | #######?####?????????????????????????????????????? | | ?????????????????????????????????????????????????? | | ?????????????????????????????????????????????????? | | ?????????????????????????????????????????????????? | | ?????????????????????????????????????????????????? | | ?????????????????????????????????????????????????? | | ?????????????????????????????????????????????????? | | ?????????????????????????????????????????????????? | | ?????????????????????????????????????????????????? | | ?????????????????????????????????????????????????? | | ?????????????????????????????????????????????????? | | ?????????????????????????????????????????????????? | | ?????????????????????????????????????????????????? | | ?????????????????????????????????????????????????? | | ???????????????#?????????????????????????????????? | | ???????????#### ?????????????????????????????????? | | ??????????## ??????#####?????????????????????? | | ?????????## ####### #?????????????????????? | | ?????????# #;;;;;# ##?????????????????????? | | ????????## #;; ;; # ######"#"?????????????? | | ??????### " #; [ """?????????????? | | ??????#"" " R%= "" ????????????? | | ###????# @### #???????????????? | | # #?????# ##?????????????????????? | | #????## #?????????????????????? | | ##???## ## ## #####?????????????????????? | | #??## ## ! ###""#?????????????????????????? | | ##?## %! ###"""#?????????????????????????? | | ### #### "?????????????????????????? | | " """#?# #????????????????????????? | | ## """##?# #????????????????????????? | | ### """##?? #????????????????????????? | | ### ####???? #????????????????????????? | | #?# #??????? ?????????????????????????? | | #???????????????????????????????????? | | #???????????????????????????????????? | | ^ ### ####???????????????????????????????????? | | ####?######??????????????????????????????????????? | | ?????????????????????????????????????????????????? | | ?????????????????????????????????????????????????? | | ?????????????????????????????????????????????????? | | ?????????????????????????????????????????????????? | | ?????????????????????????????????????????????????? | | ?????????????????????????????????????????????????? | | ?????????????????????????????????????????????????? | | ?????????????????????????????????????????????????? | | ?????????????????????????????????????????????????? | +----------------------------------------------------+ Best States ------------- Heat Dissipation 25 Energy Generation 10 Energy Capacity 250 Matter Stores 300 Matter Capacity 300 Sight Range 16 Terrain Scan Density 10 Evasion (%) 40 Targeting Accuracy 5 Recoil Reduction 2 Item Schematics ----------------- None Robot Schematics ------------------ None Fabricated ------------ Nothing Alien Tech Used ----------------- None Achievements -------------- None Challenges ------------ None Game ------ Seed ConcussivePoweredMeganuke Manual? 0 Play Time 00:26:22 Cumulative 181.8 hours Start 2025.04.26 @ 14:29:06 End 2025.04.26 @ 15:06:42 Sessions 3 Manual Loads 0 Difficulty Rogue Special Mode None Game No. 179 Rogue 179 Adventurer 0 Explorer 0 Win Type - Total 1 Types 1/0/0/0/0/0/0/0/0 Lore% 66 Gallery% 59 Achievement% 47 Wizard Run 0 Options --------- Layout 1 ASCII 1 Keyboard 0 Movement Mouse Keybinds 0 Fullscreen 1 Font 24/Smallcaps Map View 50x35 Zoom Use 0% Tactical HUD 1 Map Filters NONE Filters NONE Steam 1 RUN: 6209235f-63ad-41ca-8989-29e8a06eb07f